 Dungeon Crawl Stone Soup version 0.26.0-45-g9c1d065592 (webtiles) character file.

Game seed: 16347751614037504686

2351 Gadfly the Torchbearer (level 9, 0/62 HPs)
             Began as a Formicid Fighter on Jan 31, 2021.
             Was a Follower of Yredelemnul.
             Slain by an orc warrior
             ... wielding a +0 halberd
              (17 damage)
             ... in a bailey on Feb 1, 2021.
             The game lasted 00:11:58 (6470 turns).

Gadfly the Torchbearer (Formicid Fighter)           Turns: 6470, Time: 00:11:59

Health: 0/62       AC: 16    Str: 27      XL:     9   Next: 71%
Magic:  10/13      EV:  6    Int:  7 (9)  God:    Yredelemnul [*.....]
Gold:   361        SH: 11    Dex: 12      Spells: 8/8 levels left

rFire    . . .     SeeInvis +   b - +4 quarterstaff (chaos)
rCold    + . .     Faith    .   c - +0 kite shield
rNeg     . . .     Spirit   .   j - +0 plate armour
rPois    .         Reflect  .   (helmet unavailable)
rElec    .         Harm     .   o - +0 cloak
rCorr    .         Rampage  .   r - +1 pair of gloves
Will     .....                  (no boots)
Stlth    ..........             (no amulet)
HPRegen  0.20/turn              e - +6 ring of strength
MPRegen  0.13/turn              h - ring of protection from cold

@: no status effects
A: permanent stasis, dig shafts and tunnels, four strong arms, antennae 3, frail
1
a: Dig, Renounce Religion, Animate Remains


You were in a bailey.
You worshipped Yredelemnul.
Yredelemnul was aware of your devotion.
You visited 2 branches of the dungeon, and saw 9 of its levels.
You also visited: Sewer and Bailey.

You collected 361 gold pieces.

Inventory:

Hand Weapons
 a - a +0 halberd
 b - a +4 quarterstaff of chaos (weapon)
 m - the +1 quarterstaff of Iniroip {freeze, *Contam rPois Will+++ Str-4}
   (You found it on level 4 of the Dungeon)

   It has been specially enchanted to freeze those struck by it, causing extra
   injury to most foes and up to half again as much damage against particularly
   susceptible opponents.
   It can also slow down cold-blooded creatures.
   It affects your strength (-4).
   It protects you from poison.
   It affects your willpower, your defense against some magical effects.
   It causes magical contamination when unequipped.
Armour
 c - a +0 kite shield (worn)
 j - a +0 plate armour (worn)
 o - a +0 cloak (worn)
 r - a +1 pair of gloves (worn)
Jewellery
 e - a +6 ring of strength (left hand)
 g - an uncursed ring of resist corrosion
 h - a ring of protection from cold (right hand)
Wands
 v - a wand of acid (8) (quivered)
Scrolls
 f - a scroll of enchant weapon
 n - a scroll of fog
 p - a scroll of fear
 s - a scroll of identify
Potions
 d - a potion of might
 i - a potion of attraction
 k - a potion of curing
 l - a potion of flight
 q - a potion of lignification
 u - a potion of mutation {unknown}


   Skills:
 + Level 5.7 Fighting
 * Level 6.3 Polearms
 + Level 5.7 Armour
 + Level 6.2 Shields
 + Level 6.4 Invocations
 + Level 5.9 Evocations


You had 8 spell levels left.
You didn't know any spells.
Your spell library contained the following spells:

 Spells                   Type           Power        Failure   Level
 Sandblast                Erth           0%           100%        1
 Passwall                 Tmut/Erth      0%           100%        2
 Stone Arrow              Conj/Erth      0%           100%        3
 Petrify                  Tmut/Erth      0%           100%        4
 Lee's Rapid Deconstruct  Erth           0%           100%        5


Dungeon Overview and Level Annotations

Branches:
Dungeon (8/15)             Temple (1/1) D:6           Sewer (visited)
 Bailey (1/1)
   Lair: D:8-11

Altars:
Cheibriados
Dithmenos
Elyvilon
Fedhas
Hepliaklqana
Makhleb
Nemelex Xobeh
Qazlal
Ru
Trog
Uskayaw
Vehumet
Wu Jian
Yredelemnul
Zin
Lugonu


Innate Abilities, Weirdness & Mutations

You cannot be hasted, slowed, berserked, paralysed or teleported.
You can dig through walls and to a lower floor.
Your four strong arms can wield two-handed weapons with a shield.
You have a pair of large antennae on your head. (SInv)
You are frail. (-10% HP)


Message History

Unknown command.
Unknown command.
You are too injured to fight recklessly!
You are too injured to fight recklessly!
Unknown command.
Your +4 quarterstaff of chaos is briefly surrounded by a scintillating aura of random colours.
b - a +4 quarterstaff of chaos (weapon)
You block the orc warrior's attack.
You hit the orc warrior but do no damage.
Your orc zombie hits the orc warrior but does no damage.
The orc warrior completely misses you. You block the orc warrior's attack.
The orc warrior hits you but does no damage.
You hit the orc warrior but do no damage.
Your orc zombie closely misses the orc warrior.
The orc warrior hits you with a +0 halberd!
* * * LOW HITPOINT WARNING * * *
You block the orc warrior's attack.
The orc warrior hits you from afar with a +0 halberd!
You die...
Your body rises from the dead as a mindless zombie.

#.......#
#.......#
#.......#
##.....##
###'###
#...#
#...#
#..)#
#.Z@#
##o##


ooo{o #...o{..# #...o...# #.......# #.......# #.......# You could see 3 orc
warriors, 3 orcs and a friendly orc zombie.

Vanquished Creatures
  A hornet (D:6)
  An orc warrior (Bailey)
  A sky beast (D:6)
  A black bear (D:6)
  A necrophage (D:5)
  A phantom (D:5)
  A tengu (D:5)
  2 ogres
  3 centaurs
  2 bullfrogs (Sewer)
  2 scorpions
  A howler monkey (D:6)
  4 hounds
  2 orc priests
  Crazy Yiuf (D:2)
  A jelly (D:5)
  2 iguanas
  9 orc wizards
  5 worker ants
  9 adders
  A shadow imp (D:8)
  2 adder skeletons
  9 worms
  2 dart slugs
  4 leopard geckos
  28 orcs
  10 giant cockroaches
  6 hobgoblins
  11 jackals
  3 quokkas
  6 ball pythons
  10 bats
  11 frilled lizards
  7 goblins
  A jackal skeleton (D:4)
  9 kobolds
  A quokka skeleton (D:4)
  5 rats
176 creatures vanquished.

Vanquished Creatures (collateral kills)
  An orc (Bailey)
1 creature vanquished.

Vanquished Creatures (others)
  5 orc zombies (Bailey)
5 creatures vanquished.

Grand Total: 182 creatures vanquished

Notes
Turn   | Place    | Note
-------+----------+-------------------------------------------
     0 | D:1      | Gadfly the Formicid Fighter began the quest for the Orb.
     0 | D:1      | Reached XP level 1. HP: 18/18 MP: 1/1
    89 | D:1      | Reached XP level 2. HP: 20/24 MP: 2/2
   220 | D:1      | Reached skill level 1 in Evocations
   237 | D:1      | Reached skill level 1 in Invocations
   247 | D:1      | Reached XP level 3. HP: 28/29 MP: 3/3
   861 | D:2      | Reached XP level 4. HP: 24/36 MP: 5/5
  1187 | D:2      | Reached XP level 5. HP: 38/42 MP: 6/6
  1260 | D:2      | Found a runed translucent door.
  1261 | D:2      | Noticed Crazy Yiuf
  1509 | D:2      | Killed Crazy Yiuf
  2087 | D:3      | Found a burning altar of Makhleb.
  2394 | D:3      | Reached XP level 6. HP: 40/48 MP: 8/8
  3122 | D:4      | Reached XP level 7. HP: 53/54 MP: 9/9
  3283 | D:4      | You fall into a shaft and drop 3 floors!
  3529 | D:5      | Entered Level 5 of the Dungeon
  3549 | D:5      | Reached XP level 8. HP: 58/61 MP: 11/11
  3611 | D:5      | Reached skill level 5 in Shields
  3777 | D:5      | Reached skill level 5 in Invocations
  3828 | D:5      | Found a glowing drain.
  3891 | Sewer    | Entered a sewer
  4111 | Sewer    | Reached skill level 5 in Fighting
  4111 | Sewer    | Reached skill level 5 in Polearms
  4115 | Sewer    | Reached skill level 5 in Armour
  4115 | Sewer    | Reached skill level 5 in Evocations
  4599 | D:4      | You fall into a shaft and drop 1 floor!
  4656 | D:4      | Reached XP level 9. HP: 64/68 MP: 13/13
  4662 | D:4      | Got a fine quarterstaff
  4663 | D:4      | Identified the +1 quarterstaff of Iniroip {freeze, *Contam
                  | rPois Will+++ Str-4} (You found it on level 4 of the
                  | Dungeon)
  4682 | D:4      | Gained mutation: You are frail. (-10% HP) [mutagenic glow]
  4885 | D:4      | Found a bloodstained altar of Trog.
  4897 | D:4      | Found a blossoming altar of Fedhas.
  4903 | D:4      | Found a radiant altar of Vehumet.
  4903 | D:4      | Found a basalt altar of Yredelemnul.
  4907 | D:4      | Found a sacrificial altar of Ru.
  4912 | D:4      | Became a worshipper of Yredelemnul the Dark
  5244 | D:5      | Found a sparkling altar of Nemelex Xobeh.
  5552 | D:6      | Noticed a hornet
  5564 | D:6      | Killed a hornet
  6010 | D:6      | Found a staircase to the Ecumenical Temple.
  6038 | Temple   | Entered the Ecumenical Temple
  6190 | D:8      | Found a flagged portal.
  6201 | Bailey   | Entered a bailey
  6248 | Bailey   | Reached * piety under Yredelemnul
  6470 | Bailey   | Slain by an orc warrior

Illustrated notes

Levels and vault maps discovered:
D:1:      minmay_arrival_semitransparent, layout_basic, hex_medium
D:2:      minmay_evil_eye, layout_rooms, uniq_crazy_yiuf_cottage
D:3:      layout_loops_corners, makhleb_heckhound_becter
D:4:      layout_cave_pods, grunt_temple_overflow_open, minmay_manual_mullet
D:5:      layout_cave_pools, lemuel_doored_altar, gup_sewer_entry_glass
D:6:      minmay_flawed_box, layout_rooms, minmay_temple_entry_nine_rooms
D:7:      layout_cave_pods, kennysheep_little_box, uniq_menkaure
D:8:      layout_loops_cross, old_standard_altar, enter_bailey_6
Temple:   corrupted_temple
Bailey:   bailey_polearm_5, bailey

Skill      XL: |  1  2  3  4  5  6  7  8  9 |
---------------+----------------------------+-----
Evocations     | 1 2 3 4 5 |  5.9
Invocations    | 1 2 3 4 5 6 |  6.4
Shields        | 4 5 6 |  6.2
Polearms       | 3 4 5 6 |  6.3
Fighting       | 4 5 |  5.7
Armour         | 4 5 |  5.7

Action                   |  1- 3 |  4- 6 |  7- 9 || total
-------------------------+-------+-------+-------++-------
Melee: Trident           |   109 |    86 |    31 ||   226
       Quarterstaff      |       |    58 |   239 ||   297
       Halberd           |       |       |    10 ||    10
Invok: Animate Remains   |       |       |     6 ||     6
 Abil: Dig               |       |       |     1 ||     1
  Use: Scroll            |     4 |     8 |     5 ||    17
       Potion            |       |       |     1 ||     1
 Stab: Paralysed         |       |     1 |     7 ||     8
       Confused          |       |     1 |       ||     1
       Petrifying        |       |       |     1 ||     1
       Distracted        |       |       |     1 ||     1
Armor: Scale mail        |    51 |    35 |       ||    86
       Chain mail        |       |    11 |    20 ||    31
       Plate armour      |       |       |   135 ||   135
Dodge: Dodged            |    33 |    40 |    86 ||   159
Block: Kite shield       |    72 |    56 |   222 ||   350
